 Dungeon Crawl Stone Soup version 0.27.1-1-g398f81649c (webtiles) character file.

Game seed: 11077954748901731906

207 H0rd4k the Insei (level 5, -6/33 HPs)
             Began as an Octopode Transmuter on Sept 22, 2021.
             Succumbed to a gnoll's poison
             ... on level 3 of the Dungeon.
             The game lasted 00:02:43 (2883 turns).

H0rd4k the Insei (Octopode Transmuter)              Turns: 2883, Time: 00:02:43

Health: -6/33      AC:  2    Str: 10    XL:     5   Next: 85%
Magic:  6/9        EV: 20    Int: 16    God:
Gold:   104        SH:  0    Dex: 17    Spells: 5/9 levels left

rFire    . . .     SeeInvis .     - Unarmed
rCold    . . .     Faith    .   (shield currently unavailable)
rNeg     . . .     Spirit   .   (helmet currently unavailable)
rPois    x         Reflect  .   (no amulet)
rElec    .         Harm     .   (no ring)
rCorr    .         Rampage  .   (no ring)
Will     .....                  (no ring)
Stlth    ++........             (no ring)
HPRegen  0.11/turn              (no ring)
MPRegen  0.11/turn              (no ring)
                                (no ring)
                                (no ring)

@: lethally poisoned (-6 -> -63), spider-form
A: venomous fangs, almost no armour, (amphibious), 8 rings, tiny, (camouflage
1), (gelatinous body 1), (nimble swimmer 1), (tentacles)
a: End Transformation


You were on level 3 of the Dungeon.
You were a venomous arachnid creature.
You visited 1 branch of the dungeon, and saw 3 of its levels.

You collected 104 gold pieces.

Inventory:

Hand Weapons
 d - a +1 dagger of flaming
 n - a +1 dagger of electrocution
Missiles
 c - 18 poisoned darts
Magical Staves
 j - a staff of air
Wands
 m - a wand of mindburst (20)
Scrolls
 a - 3 scrolls of magic mapping {unknown}
 e - a scroll of teleportation {unknown}
 h - a scroll of summoning {unknown}
 i - a scroll of torment {unknown}
 l - 4 scrolls of identify {unknown}
 o - 2 scrolls of fog {unknown}
Potions
 b - a potion of magic {unknown}
 f - a potion of invisibility {unknown}
 g - a potion of heal wounds {unknown}
 k - a potion of might {unknown}
 p - a potion of curing {unknown}
 q - 2 potions of attraction {unknown}


   Skills:
 + Level 1.2 Fighting
 + Level 2.8 Dodging
 + Level 4.8 Unarmed Combat
 * Level 2.7 Spellcasting
 * Level 2.8 Transmutations
 * Level 1.3 Poison Magic
 + Level 0.1 Evocations


You had 5 spell levels left.
You knew the following spells:

 Your Spells              Type           Power      Damage    Failure   Level
a - Beastly Appendage     Tmut           22%        N/A       17%         1
b - Spider Form           Tmut/Pois      4%         N/A       45%         3

Your spell library contained the following spells:

 Spells                   Type           Power      Damage    Failure   Level
 Wereblood                Tmut           11%        N/A       22%         2
 Ice Form                 Ice/Tmut       6%         N/A       87%         4


Dungeon Overview and Level Annotations

Branches:
Dungeon (3/15)

Altars:
Kikubaaqudgha

Annotations:
D:2 exclusion: downstairs


Innate Abilities, Weirdness & Mutations

You are a venomous arachnid creature.
You have poisonous fangs.
You are tiny and dextrous.
Your spellcasting is less reliable in this form.
Your armour is entirely melded.
You are incapable of wielding weapons or throwing items.
You cannot wear most types of armour.
((You are amphibious.))
You can wear up to eight rings at the same time.
((Your skin changes colour to match your surroundings (Stealth+).))
((Your rubbery body absorbs attacks. (AC +1, EV +1)))
((You are camouflaged near water. (Stealth+)))
((You have tentacles for arms and can constrict up to eight enemies at once.))


Message History

l - 3 scrolls labelled DOESSU SUPEKH (gained 1)
You see here a hobgoblin corpse.
No target in view!
You see here a hobgoblin corpse.
You now have 91 gold pieces (gained 8).
q - 2 sedimented green potions (gained 1)
l - 4 scrolls labelled DOESSU SUPEKH (gained 1)
You now have 104 gold pieces (gained 13).
As you open the door, it creaks loudly!
You hear a shout!
Found a falchion.
Found an escape hatch in the ceiling.
There is an open door here.
A rat comes into view.
A gnoll comes into view. It is wielding a +0 whip.
There are monsters nearby!
Unknown command.
Unknown command.
A gnoll comes into view. It is wielding a +1 spear of venom.
There is an escape hatch in the ceiling here.
Casting: Spider Form (quite dangerous; 24% risk of failure)
Confirm with . or Enter, or press ? or * to list all spells.
The spell is quite dangerous to cast (24% risk of failure)!
Continue anyway?
You turn into a venomous arachnid creature.
The gnoll shouts!
You hear a shout! x2
You bite the rat!
You kill the rat!
A goblin comes into view. It is wielding a +0 club.
The gnoll hits you with a +0 whip.
You hit the gnoll.
The gnoll is moderately wounded.
A jackal comes into view.
The gnoll hits you from afar with a +1 spear of venom!
You are lethally poisoned!
A goblin comes into view. It is wielding a +0 club.
You feel very sick. The gnoll hits you with a +0 whip.
The gnoll hits you with a +1 spear of venom!
* * * LOW HITPOINT WARNING * * *
You are more poisoned.
You hit the gnoll but do no damage.
The gnoll is poisoned.
You die...

#...... #..
#....(. #..
#....[. ## #..
####... ...
##h## ####...
#.. ... +......
.. #g# ####.##
#.##g#######
#...
#ggs.<.....#
#..#
#....###......#
#..# #...
#......######...
#..
+......'........
#.
#.)....######..#
# ######## #.##
#.## #.## #.##


You could see 2 gnolls, a jackal and 2 goblins.

Vanquished Creatures
  A water moccasin (D:3)
  3 adders (D:2)
  A dart slug (D:2)
  3 orcs (D:3)
  4 endoplasms
  2 giant cockroaches
  9 goblins
  8 hobgoblins
  4 jackals (D:1)
  A quokka (D:2)
  2 ball pythons
  4 bats
  3 frilled lizards (D:2)
  10 kobolds
  4 rats
59 creatures vanquished.

Notes
Turn   | Place    | Note
-------+----------+-------------------------------------------
     0 | D:1      | H0rd4k the Octopode Transmuter began the quest for the Orb.
     0 | D:1      | Reached XP level 1. HP: 13/13 MP: 3/3
   454 | D:1      | Reached XP level 2. HP: 14/18 MP: 5/5
   956 | D:1      | Found a faded altar of an unknown god.
  1062 | D:1      | Reached XP level 3. HP: 15/23 MP: 6/6
  1066 | D:1      | Learned a level 3 spell: Spider Form
  1570 | D:2      | Reached skill level 4 in Unarmed Combat
  1711 | D:2      | Reached XP level 4. HP: 28/28 MP: 5/7
  1828 | D:2      | Found an ancient bone altar of Kikubaaqudgha.
  2279 | D:3      | Noticed a water moccasin
  2803 | D:3      | Killed a water moccasin
  2804 | D:3      | Reached skill level 1 in Poison Magic
  2804 | D:3      | Reached XP level 5. HP: 33/33 MP: 7/9
  2883 | D:3      | Succumbed to a gnoll's poison

Illustrated notes

Levels and vault maps discovered:
D:1:      elethiomel_arrival_shortcut, layout_loops_cross,
          shapermc_ecumenical_altar_petra, chequers_garden
D:2:      layout_rooms, basic_altar
D:3:      layout_basic

Skill      XL: |  1  2  3  4 |
---------------+-------------+-----
Unarmed Combat | 4 |  4.8
Poison Magic   | 1 |  1.3
Fighting       | |  1.2
Dodging        | |  2.8
Spellcasting   | |  2.7
Transmutations | |  2.8
Evocations     | |  0.1

Action                   |  1- 3 |  4- 6 || total
-------------------------+-------+-------++-------
Melee: Unarmed           |    87 |    56 ||   143
       Tentacles         |    19 |     5 ||    24
       Constrict         |    17 |    11 ||    28
       Punch             |     2 |     1 ||     3
       Kick              |     2 |       ||     2
 Cast: Beastly Appendage |     2 |       ||     2
       Spider Form       |       |     3 ||     3
Evoke: Wand              |       |     2 ||     2
 Stab: Sleeping          |     2 |     3 ||     5
       Distracted        |     1 |       ||     1
Armor: Skin              |    11 |     7 ||    18
Dodge: Dodged            |    46 |    34 ||    80
